cohdb
Replays
Latest Replays
All Replays
Popular Replays
Top Player Replays
Match Explorer
How It Works
Community
CoH3 Stats
Reddit
Sign in to upload your games and track your stats! →
Sign in with Steam
Match 45591751
Unlisted
Match 45591751
Overview
Messages
Build Orders
End
Construct Infanterie Kompanie
Kettenkrad Recon Vehicle
Selects Breakthrough Battlegroup
Selects Assault Grenadiers
Grenadier Squad
MG 42 Machine Gun Team
Construct Luftwaffe Kompanie
Grenadier Squad
Selects 2.5-tonne Cargo Truck
Flak 30 Anti-aircraft Gun Team
Flak 30 Anti-aircraft Gun Team
Construct Panzergrenadier Kompanie
Flak 30 Anti-aircraft Gun Team
251 Medium Carrier
Selects Smoke Bombing Run
Kettenkrad Recon Vehicle
Pioneer Squad
251 Medium Carrier
Selects Blitzkrieg
Construct Panzer Kompanie
2.5-tonne Cargo Truck
Selects Incendiary Bombing Run
aotuman
rkddlf12p
Orsted
wila
LittleFatty233
[VN]Tôi thích tỉnh lạng s
0
0
Comments
sign in to comment!
No comments posted yet!